[Event "1000GM Memorial Day NY IM-B 2023"]
[Site "New York"]
[Date "2023.05.28"]
[Round "6.5"]
[White "Luo, Terry"]
[Black "Espinosa, Pedro"]
[Result "1/2-1/2"]
[ECO "D12"]
[WhiteElo "2321"]
[BlackElo "2229"]
[Annotator "TA"]
[PlyCount "106"]
[EventDate "2023.05.23"]
[EventType "schev"]
[EventCountry "USA"]
[SourceTitle "playchess.com"]
[Source "ChessBase"]
[SourceQuality "1"]
[TimeControl "5400+30"]

1. d4 d5 2. c4 c6 3. Nf3 Nf6 4. e3 Bf5 5. Nc3 e6 6. Nh4 Bg6 7. Nxg6 hxg6 8. g3 {[%emt 0:00:10] 8.Rb1 is setting a new trend. D12: Slav Defence: 3 Nf3 Nf6 4 e3 Bf5.} Nbd7 9. Bg2 dxc4 10. O-O Qa5 {[%emt 0:03:35] [#]} 11. Bd2 $146 ({Predecessor:} 11. e4 e5 12. h4 exd4 13. Qxd4 Qc5 14. Be3 Qxd4 15. Bxd4 Bc5 16. Rad1 O-O-O 17. f4 Bxd4+ 18. Rxd4 {½-½ Georgiev,V (2567)-Delchev,A (2591) BUL-chT 57th 2007 (5.1)}) 11... Qh5 12. Qxh5 gxh5 13. Rfc1 Nb6 14. b3 cxb3 15. axb3 Bb4 16. Ne4 (16. e4 $15) 16... Bxd2 $17 17. Nxd2 Ke7 18. Ra5 h4 19. Nf3 hxg3 20. hxg3 Nbd7 21. Nd2 Nb6 22. Nf3 $1 a6 23. Ne5 Nfd7 24. Nd3 Nd5 25. e4 N5b6 26. d5 exd5 27. exd5 cxd5 (27... Nxd5 $17 {Strongly threatening ...Nc7.} 28. Bxd5 b6 29. Bxc6 (29. Re1+ Kd6 $15) 29... bxa5 30. Bxa8 Rxa8) 28. Nf4 $11 Rac8 29. Nxd5+ Nxd5 30. Re1+ Kf6 {[%emt 0:01:26] [#] ...Nb4 is the strong threat.} 31. Rxd5 Nc5 32. Rd6+ Ne6 $1 33. Bxb7 Rc3 34. Bxa6 Rxb3 35. Bc4 Rb7 36. Bxe6 fxe6 37. Rexe6+ $14 {[%emt 0:00:42][%mdl 4096] Endgame KRR-KRR} ({But not} 37. Rdxe6+ Kf7 $16) 37... Kf7 38. Re4 Re8 39. Rf4+ Kg8 $1 40. Kg2 Rf7 41. Rxf7 Kxf7 {[%emt 0:00:06] KR-KR} 42. g4 Re7 43. Kg3 g6 44. Ra6 Kg7 45. Kh4 Rf7 46. Kg3 (46. Ra2 $5 ) 46... Rb7 47. f3 Rc7 48. f4 Rb7 49. Kh4 Rc7 50. Kg5 Rc5+ {[%emt 0:00:07] The position is equal.} 51. f5 gxf5 52. Ra7+ Kf8 53. gxf5 {[%emt 0:00:24] [#] Threatening mate with Kg6.} Rc6 {[%emt 0:00:22] Weighted Error Value: White=0.08 (flawless) /Black=0.11 (very precise)} 1/2-1/2

[Event "1000GM Memorial Day NY IM-B 2023"]
[Site "New York"]
[Date "2023.05.28"]
[Round "6.6"]
[White "Bisiriyu-Salam, Oluwaseun"]
[Black "Hebbar, Eshaan"]
[Result "0-1"]
[ECO "A03"]
[WhiteElo "2011"]
[BlackElo "1969"]
[Annotator "RC"]
[PlyCount "96"]
[EventDate "2023.05.23"]
[EventType "schev"]
[EventCountry "USA"]
[SourceTitle "playchess.com"]
[Source "ChessBase"]
[SourceQuality "1"]
[TimeControl "5400+30"]

1. f4 d5 2. Nf3 c5 3. e3 Nc6 4. Bb5 Nf6 5. Bxc6+ bxc6 6. b3 g6 7. Bb2 Bg7 8. O-O O-O 9. Qe1 a5 10. a4 Ba6 11. d3 c4 12. Ne5 cxd3 13. cxd3 Qc7 14. Nd2 Ng4 15. Ndf3 Nxe5 16. Nxe5 f6 17. Ng4 Bxd3 18. Rf3 Qb6 19. Qc3 Be4 20. Rh3 h5 21. Nf2 Bf5 22. g4 hxg4 23. Rg3 Rfb8 24. e4 Bxe4 25. Re1 e6 26. Rxe4 dxe4 27. Qc4 Kf7 28. Kg2 e3 29. Nd3 Qxb3 30. Qxb3 Rxb3 31. Rxe3 Rab8 32. Bd4 Rd8 33. Nc5 Rxe3 34. Bxe3 Bf8 35. Nb7 Rd3 36. Kf2 Bb4 37. Ke2 Rd7 38. Nc5 Bxc5 39. Bxc5 Rd5 40. Bb6 Ke7 41. Ke3 Kd7 42. Ke4 f5+ 43. Ke3 e5 44. fxe5 Rxe5+ 45. Kd3 f4 46. Ba7 g3 47. hxg3 fxg3 48. Kd4 Re1 0-1

[Event "1000GM Memorial Day NY IM-B 2023"]
[Site "New York"]
[Date "2023.05.29"]
[Round "7.1"]
[White "Barbosa, Oliver"]
[Black "Pang, Qi"]
[Result "1-0"]
[ECO "A11"]
[WhiteElo "2492"]
[BlackElo "2165"]
[Annotator "TA"]
[PlyCount "85"]
[EventDate "2023.05.23"]
[EventType "schev"]
[EventCountry "USA"]
[SourceTitle "playchess.com"]
[Source "ChessBase"]
[SourceQuality "1"]
[TimeControl "5400+30"]

1. Nf3 d5 2. c4 c6 3. g3 Nf6 4. Bg2 g6 5. b3 Bg7 6. Bb2 O-O 7. O-O a5 8. d3 Bg4 {[%emt 0:03:55] A11: English Opening: 1...c6.} 9. Nbd2 Nbd7 10. a3 Qb8 {[%emt 0:05:29] The position is equal.} 11. Rc1 {[%emt 0:03:56] [#]} Rc8 $146 ({Predecessor:} 11... e6 12. h3 Bxf3 13. Nxf3 Ne8 14. d4 a4 15. b4 Nd6 16. Nd2 b5 17. cxd5 cxd5 {1-0 Maletin,P (2588)-Hansen,E (2584) Wch Blitz 8th 2014 (11)}) 12. Rc2 Qd6 13. Qa1 Bxf3 14. Nxf3 Ne8 15. Rfc1 e6 16. h4 Rd8 17. h5 Nc5 18. Bxg7 {[%emt 0:02:36][%mdl 64] [#] Remove Defender} Nxg7 ({Resist} 18... Nxb3 19. Qb2 Nxc1 20. Bd4 $16) 19. hxg6 ({Don't play} 19. h6 Nf5 20. Qb1 Na6 $15) 19... hxg6 20. Nd4 Nd7 (20... Nf5 $1 $15 21. Rb1 Nxd4 22. Qxd4 e5) 21. Nf3 (21. cxd5 $11 exd5 22. a4) 21... Nc5 $15 22. Nd4 {[%emt 0:03:42] Black must now prevent cxd5.} Nd7 ({Black should try} 22... Nf5 $1 $15 23. Rb1 Nxd4 24. Qxd4 e5) 23. cxd5 $11 exd5 24. Qb2 Re8 25. b4 axb4 26. axb4 Ra4 27. Rb1 $40 {[%emt 0:00:26][%mdl 128] White is up to no good.} Rea8 28. Nf3 Ne6 29. Bh3 Nc7 30. Kg2 {[%emt 0:14:20] Bxd7 is the strong threat.} Nf6 (30... Nf8 $5 ) 31. Nd4 Na6 32. b5 Nb4 33. bxc6 bxc6 (33... Nxc2 $2 34. cxb7 Rb8 35. Nxc2 $18) 34. Rcc1 c5 (34... Kg7 $11) 35. Ne6 $1 $16 {[%emt 0:00:24][%mdl 64] [#] Discovered Attack} Qe7 {[%emt 0:05:48][%mdl 8192] Black cannot hold the game after this.} (35... Nh5 $16 {is tougher.}) 36. Nxc5 $18 {[%emt 0:00:27] White is clearly winning.} Na2 37. Nxa4 Nxc1 38. Nb6 Ra2 39. Qxc1 {[%emt 0:01:14][%cal Ob6d5] Hoping for Nxd5!} Qxe2 40. Qf1 Qc2 41. Nd7 Nh5 (41... Nxd7 $142 42. Bxd7 Qd2) 42. Bg4 Qc7 43. Bxh5 {[%emt 0:00:10] Weighted Error Value: White=0.12 (very precise) /Black=0.44} 1-0

[Event "1000GM Memorial Day NY IM-B 2023"]
[Site "New York"]
[Date "2023.05.29"]
[Round "7.2"]
[White "Nagy, Gabor"]
[Black "Lee, Alice"]
[Result "1/2-1/2"]
[ECO "D23"]
[WhiteElo "2468"]
[BlackElo "2391"]
[Annotator "TA"]
[PlyCount "25"]
[EventDate "2023.05.23"]
[EventType "schev"]
[EventCountry "USA"]
[SourceTitle "playchess.com"]
[Source "ChessBase"]
[SourceQuality "1"]
[TimeControl "5400+30"]

1. d4 d5 2. Nf3 Nf6 3. c4 c6 4. Qc2 dxc4 5. Qxc4 Bf5 6. g3 e6 7. Bg2 Be7 {[%emt 0:00:24] Nowadays more popular than 7...Nbd7.} 8. O-O {[%emt 0:00:22] D23: Queen's Gambit Accepted: 3 Nf3 Nf6 sidelines.} O-O 9. Qb3 Qb6 10. Nbd2 Nbd7 11. Nc4 Qxb3 12. axb3 Be4 {[%emt 0:02:53] [#]} 13. Bg5 $146 {[%emt 0:05:36] A rather calm draw.   Weighted Error Value: White=0.10 (very precise) /Black=0.03 (flawless)} ({Predecessor:} 13. Bf4 c5 14. Rfc1 Rfc8 15. Nd6 Bxd6 16. Bxd6 cxd4 17. Nxd4 Bxg2 18. Kxg2 a6 19. f3 {½-½ Dubov,D (2676)-Duda,J (2748) Hamburg FIDE GP 2019 (3.2)}) 1/2-1/2

[Event "1000GM Memorial Day NY IM-B 2023"]
[Site "New York"]
[Date "2023.05.29"]
[Round "7.3"]
[White "Bortnyk, Mykola"]
[Black "Ansh M Shah"]
[Result "1-0"]
[ECO "E05"]
[WhiteElo "2425"]
[BlackElo "2171"]
[Annotator "TA"]
[PlyCount "89"]
[EventDate "2023.05.23"]
[EventType "schev"]
[EventCountry "USA"]
[SourceTitle "playchess.com"]
[Source "ChessBase"]
[SourceQuality "1"]
[TimeControl "5400+30"]

1. d4 Nf6 2. c4 e6 3. g3 d5 4. Bg2 Be7 5. Nf3 O-O 6. O-O dxc4 7. Qa4 a6 8. Qxc4 b5 9. Qc2 Bb7 10. Bd2 Nbd7 11. Ba5 Rc8 12. a4 {[%emt 0:01:19] E05: Open Catalan: 5 Nf3 Be7.} bxa4 13. Nc3 Qe8 {[%emt 0:01:55] [#]} 14. e4 $146 {[%emt 0:08:36] White has an edge.} ({Predecessor:} 14. Qxa4 c5 15. Rfd1 Bc6 16. Qa2 cxd4 17. Nxd4 Bxg2 18. Kxg2 Ne5 19. Na4 Nc6 {½-½ Sosonko,G (2530)-Byrne,R (2580) Geneve 1977 (7)}) 14... Nb6 15. Ne5 {[%emt 0:00:38] Prevents Nc4} Nfd7 16. Nxd7 Qxd7 17. Rfd1 Bc6 18. d5 exd5 19. exd5 Bb5 20. Ne2 Bf6 21. Bb4 Bxe2 22. Qxe2 Rfe8 23. Qxa6 Bxb2 24. Rab1 Ra8 (24... Qg4 $5 25. f4 a3 $15) 25. Qf1 a3 26. d6 $1 Rad8 27. Qa6 Qe6 {[%emt 0:28:55] [#]} (27... Qc8 $11 28. Qxc8 {[%mdl 64] Remove Defender} Rxc8) 28. Bc6 $1 $16 {[%emt 0:03:37] White is more active. A strong pair of Bishops.} (28. Bxa3 Bxa3 29. Qxa3 Nc4 $14) (28. dxc7 Rxd1+ 29. Rxd1 Nd5 30. Qxe6 fxe6 31. Bxa3 (31. Bxd5 $2 exd5 32. Bxa3 Bxa3 $19) 31... Bxa3 $14) 28... Rf8 (28... Qc4 $2 29. Qxc4 Nxc4 30. dxc7 $18) (28... Qb3 $16) 29. Re1 $2 (29. Bxa3 Bxa3 30. Qxa3 Nc4 $11) (29. dxc7 $18 Rxd1+ 30. Rxd1 Qxc6 31. Rd8 {[%mdl 64] Pin} (31. Bxa3 $2 Bxa3 32. Qxa3 Qxc7 $19) 31... Qc1+ 32. Qf1 Qxf1+ 33. Kxf1) 29... Qb3 $1 $14 (29... Qc8 $2 30. Qxc8 Rxc8 31. d7 $18) 30. dxc7 Qxb4 31. cxd8=Q (31. cxd8=B Rxd8 32. Qa7 Rf8 $14) 31... Rxd8 32. Bb5 Qc5 33. Re8+ Rxe8 34. Bxe8 {[%emt 0:00:01] Strongly threatening Qa7.} Nd5 35. Rd1 $36 {[%emt 0:01:07][%mdl 2048] Hoping for Bc6. White fights for an advantage.} g6 {[%emt 0:01:04] [#]} (35... Bd4 $11) 36. Qb7 $1 $16 Qe7 (36... Ne7 $16) 37. Bxf7+ $18 ({Not} 37. Qxd5 Qxe8 38. Qd8 Kf8 $11) 37... Qxf7 38. Qa8+ (38. Qxd5 $2 {perishes.} Qxd5 39. Rxd5 a2 40. Rd8+ Kf7 $19) 38... Kg7 {[%emt 0:00:11] aiming for ...Nc7.} 39. Rxd5 {[%emt 0:00:02][%mdl 4096] Endgame KQR-KQB} (39. Qxd5 $2 {too greedy.} Qxd5 40. Rxd5 a2 $19) 39... Qe6 $2 (39... Bf6 40. h4 Kh6) 40. Qb7+ Kh6 41. Rd7 a2 42. Rxh7+ {[%emt 0:00:56] White mates.} Kg5 43. h4+ Kg4 44. Kg2 Kf5 45. Qxb2 {[%emt 0:00:26] Weighted Error Value: White=0.26 (precise) /Black=0.48} 1-0

[Event "1000GM Memorial Day NY IM-B 2023"]
[Site "New York"]
[Date "2023.05.29"]
[Round "7.4"]
[White "Hebbar, Eshaan"]
[Black "Luo, Terry"]
[Result "0-1"]
[ECO "E92"]
[WhiteElo "1969"]
[BlackElo "2321"]
[Annotator "TA"]
[PlyCount "100"]
[EventDate "2023.05.23"]
[EventType "schev"]
[EventCountry "USA"]
[SourceTitle "playchess.com"]
[Source "ChessBase"]
[SourceQuality "1"]
[TimeControl "5400+30"]

1. d4 Nf6 2. c4 g6 3. Nc3 Bg7 4. e4 d6 5. Nf3 O-O 6. Be2 e5 7. d5 a5 8. O-O Na6 9. Be3 Ng4 10. Bg5 f6 11. Bh4 h5 12. Ne1 Nc5 13. h3 {[%emt 0:01:01] E92: King's Indian: Classical: 6 Be2 e5: 7 dxe5, 7 Be3 and Petrosian System without 7...Nbd7.} Nh6 14. f3 {[%emt 0:00:09] [#]} g5 $146 ({Predecessor:} 14... Bd7 15. Nd3 b6 16. Nxc5 bxc5 17. Bd3 Qc8 18. Bc2 f5 19. Bf2 fxe4 20. Nxe4 Nf5 {1-0 Granz,T (2116)-Shabaev,V (2164) EU-ch 2020 pr04 email}) 15. Bf2 {[%emt 0:00:15] White is slightly better.} f5 16. Nd3 ({Better is} 16. exf5 $1 $14 Nxf5 17. Nd3) 16... Nxd3 $11 17. Qxd3 f4 $1 18. Qd1 {[%emt 0:14:15] [#]} (18. Rfd1 $11 {keeps the balance.}) 18... g4 $1 $17 19. fxg4 hxg4 20. hxg4 Qg5 21. Nb5 $2 (21. Re1 $17 {was necessary.}) 21... Rf7 $19 22. c5 Bf8 23. cxd6 cxd6 (23... Nxg4 $142 24. Qb3 (24. Nxc7 $2 {loses.} Qh5 $19) 24... cxd6) 24. Rc1 Bxg4 (24... Rg7 $19 25. Rc7 Be7) 25. Rc3 (25. Bf3 $17) 25... Bd7 $2 (25... Rg7 $19 {Hoping for ...Bxe2.} 26. Bxg4 Nxg4) 26. Nc7 $1 $11 Rg7 27. Bf3 (27. Nxa8 $2 Qxg2#) 27... Rc8 28. Ne6 Bxe6 29. dxe6 Rxc3 30. bxc3 Ng4 31. Bxg4 Qxg4 32. Qxg4 Rxg4 {[%emt 0:00:02][%mdl 4096] Endgame KRB-KRB} 33. Rb1 Rg6 (33... Rg7 $1 $11) 34. Rxb7 $16 {[%emt 0:00:51] e7 is the strong threat.} Rxe6 {[%emt 0:00:02] [#]} 35. a4 $1 Re8 (35... Rg6 $16) 36. Bb6 $18 Rc8 37. Rc7 (37. Bc7 $16) 37... Rb8 $11 38. Bxa5 {[%emt 0:00:26] Bb4 would be deadly.} Ra8 39. Bb4 {[%emt 0:00:26] Strongly threatening a5.} Rxa4 40. Rc6 Ra1+ 41. Kf2 Ra2+ {[%emt 0:00:58][%cal Ba1a2,Ba2g2,Bg2g3,Bg3d3,Bd3d4][%mdl 96] Deflection} 42. Ke1 $2 (42. Kf3 $11 {and White stays safe.}) 42... Rxg2 $19 43. Kf1 Rg3 44. c4 Rd3 45. Kf2 Rd4 46. Kf3 Kf7 47. Rc7+ {[%emt 0:05:13] [#]} Ke6 $1 48. Ba5 Be7 49. Rc8 (49. Be1 $142) 49... Rd3+ 50. Kf2 Bh4+ {[%emt 0:00:44] Weighted Error Value: White=0.45/Black=0.21 (precise)} 0-1

[Event "1000GM Memorial Day NY IM-B 2023"]
[Site "New York"]
[Date "2023.05.29"]
[Round "7.5"]
[White "Nakada, Akira"]
[Black "Bisiriyu-Salam, Oluwaseun"]
[Result "1-0"]
[ECO "A18"]
[WhiteElo "2321"]
[BlackElo "2011"]
[Annotator "TA"]
[PlyCount "49"]
[EventDate "2023.05.23"]
[EventType "schev"]
[EventCountry "USA"]
[SourceTitle "playchess.com"]
[Source "ChessBase"]
[SourceQuality "1"]
[TimeControl "5400+30"]

1. c4 Nf6 2. Nc3 e6 3. e4 d5 4. e5 d4 5. exf6 dxc3 6. bxc3 Qxf6 7. d4 c5 8. Nf3 h6 9. Bd3 cxd4 10. cxd4 Bb4+ 11. Kf1 {[%emt 0:00:53] [#] And now Qa4+ would win. A18: English Opening: Flohr-Mikenas System (1 c4 Nf6 2 Nc3 e6 3 e4).} O-O ({Black should play} 11... Bc3 $1 $11 12. Rb1 Nc6) 12. Rb1 Bd6 (12... Qe7 $14) 13. Qe2 $16 {[%emt 0:01:12] [#] Threatens to win with g4. White is better.} Nd7 $146 ({Predecessor:} 13... Rd8 14. Bb2 Qe7 15. Rd1 Nc6 16. Bb1 Bd7 17. h4 b5 18. d5 Na5 19. cxb5 exd5 {1-0 Lalic,B (2575)-Medic,M (2260) Pula op 10th 1996}) 14. Qe4 $40 {[%emt 0:25:45][%mdl 128] White mounts an attack.} (14. g4 $16) 14... Rd8 $2 (14... Qf5 $14) 15. c5 {[%emt 0:01:52] Qh7+ would be deadly.} Bc7 16. Qh7+ Kf8 17. Ba3 {[%emt 0:01:27][%cal Bc1a3,Ba3f8,Bf8d6][%mdl 32] Strongly threatening c6+.} Ke8 {[%emt 0:07:00] [#]} 18. c6 $1 Nf8 19. cxb7 Rb8 20. bxc8=Q Rxb1+ 21. Bxb1 Rxc8 22. Bxf8 Bd6 23. Bxd6 {[%emt 0:01:56] Threatening mate with Ne5.} Rc1+ 24. Ke2 Rxh1 25. Ne5 {[%emt 0:00:15] Black got outplayed after the opening.   Weighted Error Value: White=0.31/Black=1.53} 1-0

[Event "1000GM Memorial Day NY IM-B 2023"]
[Site "New York"]
[Date "2023.05.29"]
[Round "7.6"]
[White "Espinosa, Pedro"]
[Black "Chen, Justin"]
[Result "1/2-1/2"]
[ECO "D41"]
[WhiteElo "2229"]
[BlackElo "2333"]
[Annotator "TA"]
[PlyCount "52"]
[EventDate "2023.05.23"]
[EventType "schev"]
[EventCountry "USA"]
[SourceTitle "playchess.com"]
[Source "ChessBase"]
[SourceQuality "1"]
[TimeControl "5400+30"]

1. d4 Nf6 2. c4 e6 3. Nf3 d5 4. Nc3 c5 5. cxd5 Nxd5 6. e4 Nxc3 7. bxc3 cxd4 8. cxd4 Bb4+ 9. Bd2 Bxd2+ 10. Qxd2 O-O 11. Bc4 Nd7 12. O-O b6 13. Rad1 Bb7 14. Rfe1 {[%emt 0:00:05] The position is equal.} Rc8 {[%emt 0:00:33] D41: Queen's Gambit Declined: Semi-Tarrasch with 5 cxd5.} 15. Bb3 Re8 16. h3 Nf6 17. Qf4 Nh5 18. Qh2 h6 19. d5 exd5 {[%emt 0:01:15] [#] An uneventful encounter.   Weighted Error Value: White=0.04 (flawless) /Black=0.00 (flawless)} {Predecessor:} 20. e5 $146 g6 21. Nd4 Ng7 22. Nb5 Nf5 23. g4 a6 24. Qf4 axb5 25. gxf5 Qg5+ 26. Qxg5 hxg5 {½-½ Mamedyarov,S (2820)-Ding,L (2804) Olympiad-43 Batumi 2018 (9.1)} 1/2-1/2

[Event "1000GM Memorial Day NY IM-B 2023"]
[Site "New York"]
[Date "2023.05.29"]
[Round "8.1"]
[White "Lee, Alice"]
[Black "Luo, Terry"]
[Result "1/2-1/2"]
[ECO "D36"]
[WhiteElo "2391"]
[BlackElo "2321"]
[Annotator "TA"]
[PlyCount "48"]
[EventDate "2023.05.23"]
[EventType "schev"]
[EventCountry "USA"]
[SourceTitle "playchess.com"]
[Source "ChessBase"]
[SourceQuality "1"]
[TimeControl "5400+30"]

1. d4 Nf6 2. c4 e6 3. Nc3 d5 4. cxd5 exd5 5. Bg5 Be7 6. e3 h6 7. Bh4 c6 8. Bd3 O-O 9. Nf3 Nbd7 10. O-O Ne4 11. Bxe7 Qxe7 12. Qc2 Re8 {[%emt 0:05:24] [#]} 13. b4 $1 {[%emt 0:05:05][%mdl 64] Deflection} Qxb4 {[%emt 0:12:23] D36: Queen's Gambit Declined: Exchange Variation: Main line (5 Bg5 c6 6 Qc2).} (13... Ndf6 14. b5) 14. Nxe4 dxe4 15. Bxe4 Nf6 {[%emt 0:00:07] White is slightly better.} 16. Rab1 Qe7 17. Bd3 Be6 18. Bc4 Bxc4 {[%emt 0:13:43] The position is equal.} 19. Qxc4 {[%emt 0:00:03] [#]} Rac8 $146 ({Predecessor:} 19... Ne4 20. Rb2 Rac8 21. Nd2 Nxd2 22. Rxd2 Red8 23. h3 Rd5 24. Rc1 Rcd8 25. Rb2 R8d7 {½-½ Duquesne,A (1939)-Buchy,D (2102) Small Paris-ch 2015 (3)}) 20. Rfc1 Ne4 21. h3 c5 22. Qd3 Red8 23. Qa3 b6 24. dxc5 Rxc5 {[%emt 0:07:57] Weighted Error Value: White=0.07 (flawless) /Black=0.02 (flawless)} 1/2-1/2

[Event "1000GM Memorial Day NY IM-B 2023"]
[Site "New York"]
[Date "2023.05.29"]
[Round "8.2"]
[White "Ansh M Shah"]
[Black "Bisiriyu-Salam, Oluwaseun"]
[Result "1-0"]
[ECO "A51"]
[WhiteElo "2171"]
[BlackElo "2011"]
[Annotator "TA"]
[PlyCount "81"]
[EventDate "2023.05.23"]
[EventType "schev"]
[EventCountry "USA"]
[SourceTitle "playchess.com"]
[Source "ChessBase"]
[SourceQuality "1"]
[TimeControl "5400+30"]

1. d4 Nf6 2. c4 e5 3. Nf3 exd4 4. Nxd4 d5 5. cxd5 Qxd5 6. e3 {[%emt 0:05:36] A51: Budapest Gambit, Fajarowicz Variation.} Bb4+ 7. Bd2 Bxd2+ 8. Qxd2 {[%emt 0:01:02] The position is equal.} Ne4 {[%emt 0:00:28] [#]} 9. Qc2 $146 ({Predecessor:} 9. Nc3 Qe5 10. Nxe4 Qxe4 11. Nb5 Na6 12. Nc3 Qe6 13. Nd5 c6 14. Nf4 Qe7 15. Bxa6 bxa6 {1-0 Chazalette,J-Pettersson,S ICCF-Cup corr 1996}) 9... Qa5+ 10. Nc3 Nxc3 11. bxc3 O-O 12. Bd3 h6 13. Rb1 a6 14. Be4 c5 15. Nf3 (15. Bxb7 $2 Bxb7 16. Nf5 Qc7 $19) 15... Qc7 16. h4 Ra7 17. Ng5 g6 (17... hxg5 $2 18. Bh7+ Kh8 19. hxg5 $18) ({Black should try} 17... Re8 $15 18. Nf3 Nd7) 18. Nf3 $11 Be6 {[%emt 0:05:49] [#]} (18... b5 $11 {remains equal.}) 19. Bxg6 $1 $16 Kg7 (19... b5 20. Bh7+) 20. Bf5 Re8 21. Rh3 Qa5 $2 (21... Qf4) 22. Rg3+ $18 Kf8 23. Bxe6 Rxe6 24. Rd1 {[%emt 0:02:03] Wards off Nd7} (24. Qh7 Qxc3+ 25. Kf1 Nd7 $18) (24. Rc1 $142) 24... b5 25. Kf1 {[%emt 0:00:20][%cal Of3e5] Black must now prevent Ne5!} ({Don't do} 25. Qh7 $6 Qxc3+ 26. Rd2 (26. Kf1 Rd7 $11) 26... Ke7 $16) 25... Rd7 26. Kg1 Qd8 27. Rxd7 Qxd7 (27... Nxd7 {keeps fighting.} 28. Qh7 Ke7) 28. Qf5 $2 ({White should play} 28. Qh7 $18 Ke7 29. Rg8) 28... Qd6 $2 {[%emt 0:00:44] [#]} (28... Qd1+ $14 29. Kh2 Nd7) 29. h5 $2 ({Better is} 29. Qh7 $1 $18 Ke7 30. Rg8) 29... Nd7 $14 30. Nh4 $40 {[%emt 0:03:24][%mdl 128] And now Ng6+ would win. White mounts an attack.} Rf6 {[%emt 0:01:13] Dodges Ng6+} (30... Qd1+ $11 {and Black is okay.} 31. Kh2 Rf6) 31. Qg4 $18 {[%emt 0:00:52] Threatens to win with Nf5.} Qe6 {[%emt 0:02:00] Prevents Nf5.} 32. Qg8+ Ke7 {[%emt 0:00:05] [#]} 33. e4 $1 Kd6 $2 (33... Rf4 {is tougher.} 34. Nf5+ Rxf5 35. exf5 Qe1+ 36. Kh2 Qxf2) 34. Qa8 Qxa2 35. Nf5+ Rxf5 36. exf5 {[%emt 0:00:04] Strongly threatening Rd3+. KQR-KQN} ({Inferior is} 36. Rd3+ Ke7 37. Rxd7+ Kxd7 $11) 36... Qd5 {[%emt 0:01:49] Prevents Rd3} (36... Kc7 $142 37. Rg8 Kd6) 37. Qxa6+ Ke7 38. f6+ Nxf6 39. Re3+ Ne4 40. f3 {[%emt 0:00:24][%mdl 64] Pin} f5 41. Qxh6 {[%emt 0:00:57] Weighted Error Value: White=0.30/Black=0.83} 1-0

[Event "1000GM Memorial Day NY IM-B 2023"]
[Site "New York"]
[Date "2023.05.29"]
[Round "8.3"]
[White "Pang, Qi"]
[Black "Chen, Justin"]
[Result "1/2-1/2"]
[ECO "E05"]
[WhiteElo "2165"]
[BlackElo "2333"]
[Annotator "TA"]
[PlyCount "44"]
[EventDate "2023.05.23"]
[EventType "schev"]
[EventCountry "USA"]
[SourceTitle "playchess.com"]
[Source "ChessBase"]
[SourceQuality "1"]
[TimeControl "5400+30"]

1. Nf3 d5 2. d4 Nf6 3. g3 e6 4. Bg2 Be7 5. O-O O-O 6. c4 dxc4 7. Qc2 a6 8. a4 Bd7 9. Qxc4 Bc6 10. Bg5 Bd5 {[%emt 0:00:25] [#]} {Predecessor:} 11. Qc2 $146 {E05: Open Catalan: 5 Nf3 Be7.} Be4 12. Qc1 h6 13. Bxf6 Bxf6 14. Rd1 a5 15. Nbd2 Bh7 16. Nb3 Nd7 17. Ne5 c6 18. Qc3 Ra7 19. Nxa5 Bxe5 20. dxe5 Rxa5 21. Rxd7 Rxa4 22. Rxa4 Qxd7 {½-½ Carlsen,M (2859)-Aronian,L (2735) Tata Steel-A 85th 2023 (1)} 1/2-1/2

[Event "1000GM Memorial Day NY IM-B 2023"]
[Site "New York"]
[Date "2023.05.29"]
[Round "8.4"]
[White "Barbosa, Oliver"]
[Black "Espinosa, Pedro"]
[Result "1-0"]
[ECO "A09"]
[WhiteElo "2492"]
[BlackElo "2229"]
[Annotator "TA"]
[PlyCount "83"]
[EventDate "2023.05.23"]
[EventType "schev"]
[EventCountry "USA"]
[SourceTitle "playchess.com"]
[Source "ChessBase"]
[SourceQuality "1"]
[TimeControl "5400+30"]

1. Nf3 d5 2. g3 g6 3. c4 dxc4 4. Na3 Nc6 5. Nxc4 Bg7 6. Bg2 {[%emt 0:00:06][%cal Od2d4] A09: Réti Opening: 1 Nf3 d5 2 c4.} e5 7. d3 {[%emt 0:00:10] [#]} e4 $1 8. dxe4 {[%emt 0:02:36] The position is equal.} Qxd1+ 9. Kxd1 {[%emt 0:00:06] [#]} Be6 $146 (9... Nf6 $5) ({Predecessor:} 9... Nf6 10. Ncd2 O-O 11. Ne1 Rd8 12. h3 a5 13. f4 Nh5 14. Bf3 Nxg3 15. Rg1 Nh5 16. Bxh5 gxh5 {0-1 Gukesh,D (2725)-Nihal,S (2670) Tata Steel India Blitz 2022 (13)}) 10. Ne3 O-O-O+ 11. Ke1 h6 {[%emt 0:07:41] Repels Ng5} 12. Nd2 Nb4 13. a3 Na2 14. Ndc4 Nxc1 15. Rxc1 Ne7 16. a4 Nc6 17. f4 Bd4 18. h4 Na5 {[%emt 0:06:01][%mdl 64] Deflection} 19. Bh3 (19. b4 $14 Nxc4 20. Nxc4) 19... Bxh3 $11 20. Rxh3 Rhe8 (20... Nb3 $5 21. Rd1 h5 $11) 21. e5 f6 {[%emt 0:03:58] White stays focused until the end.} (21... Nb3 $1 $11 {remains equal.} 22. Rc2 Na1) 22. h5 $1 $16 {[%emt 0:00:30] Black must now prevent Nd6+.} (22. Nxa5 Bxe3 23. Rd1 Bf2+ 24. Kxf2 Rxd1 $17) 22... g5 {[%emt 0:02:31] [#]} (22... Bxe3 $16 {is a better defense.} 23. Nxe3 gxh5) 23. Nf5 $1 $18 {[%emt 0:01:54] Hoping for Ncd6+.} ({Worse is} 23. Nxa5 Bxe3 24. Rc2 fxe5 $15) 23... Nxc4 24. Rxc4 fxe5 25. fxg5 hxg5 26. b4 a6 27. e4 b5 28. axb5 axb5 29. Rc2 Kd7 30. h6 c5 31. bxc5 {[%emt 0:00:30] aiming for Nd6.} b4 32. Ke2 b3 {[%emt 0:01:19] [#]} 33. Rc1 Ra8 34. Rb1 Reb8 35. Kf3 Bxc5 $2 (35... Kc6 36. h7 Kxc5) 36. Kg4 Ke6 $2 (36... Rb6 37. h7 (37. Kxg5 Rg8+ 38. Kh5 Rbg6 $16) 37... Rh8 38. Kxg5 Bb4 39. Rd1+ (39. Rxb3 Bd2+ {[%mdl 64] Discovered Attack} 40. Re3 Ke8 $16) 39... Kc8) 37. h7 b2 38. Rh2 Ba3 39. Kxg5 {[%emt 0:02:16] Rd1 would be deadly.} Rc8 (39... Rh8 $142 40. Kg6 Ra7) 40. Rd1 {[%emt 0:01:53] Intending Rh6+ and mate.} Rc1 41. Rh6+ (41. h8=R $2 {is the wrong capture.} Rxh8 42. Ng7+ Ke7 43. Nf5+ Kf7 $19) 41... Kf7 42. Rf6+ {[%emt 0:00:15] Excellently played by Barbosa!   Weighted Error Value: White=0.20 (precise) /Black=0.45} 1-0